[Event "*** Titled Tuesday Blitz"]
[Site "Chess.com"]
[Date "2021.02.09"]
[Round "7"]
[White "MartinMatthiesen"]
[Black "NiranjanNavalgund"]
[Result "1-0"]
[WhiteElo "2397"]
[BlackElo "2499"]
[TimeControl "180+1"]
[EndTime "11:19:32 PST"]
[Termination "MartinMatthiesen won by checkmate"]

1. d4 Nf6 2. c4 c5 3. d5 b5 4. cxb5 a6 5. bxa6 g6 6. Nc3 Bg7 7. e4 d6 8. Bc4 O-O 9. Nge2 Bxa6 10. Bxa6 Nxa6 11. O-O Nb4 12. a3 Qc7 13. Rb1 Na6 14. Nb5 Qa5 15. a4 Nxe4 16. Qc2 Nf6 17. Nec3 Nb4 18.
Qd1 Rfb8 19. Re1 Rb7 20. Bg5 h6 21. Bh4 g5 22. Bg3 Na6 23. h4 Qb4 24. hxg5 hxg5 25. Qd2 Qg4 26. Re3 Qh5 27. f3 g4 28. Rbe1 Bf8 29.
Rf1 Nb4 30. fxg4 Nxg4 31. Ref3 f6 32. Rf5 Qh7 33. Qe2 Ne5 34. Bxe5 dxe5 35. d6 exd6 36. Rxf6 d5 37. R6f5 Bg7 38. Rg5 Re8 39. a5 e4 40.
a6 Rf7 41. a7 Rxf1+ 42. Qxf1 Kh8 43. Qf5 Qxf5 44. Rxf5 e3 45. Kf1 Ra8 46. Nxd5 Nxd5 47. Rxd5 Bxb2 48. Rxc5 Rd8 49. Nc7 Bd4 50. Rd5 Rxd5 51.
a8=Q+ Kh7 52. Qxd5 Bg7 53. Ke2 Bh6 54. Kf3 Bg7 55.
g4 Kg6 56. Qf5+ Kh6 57. Qh5# 1-0

[Event "*** Titled Tuesday Blitz"]
[Site "Chess.com"]
[Date "2021.02.09"]
[Round "7"]
[White "Smile2005"]
[Black "Sergey85Rodchenkov"]
[Result "1/2-1/2"]
[WhiteElo "2347"]
[BlackElo "2483"]
[TimeControl "180+1"]
[EndTime "11:19:32 PST"]
[Termination "Game drawn by agreement"]

1. Nf3 Nf6 2. g3 b5 3. Bg2 Bb7 4. O-O e6 5. d3 d5 6. Nbd2 Be7 7. e4 dxe4 8. Ng5 O-O 9. Ngxe4 Nxe4 10. Nxe4 Qc8 11. Qf3 Nc6 12. Be3 Rb8 13. Qe2 Rd8 14.
Nc5 Ba8 15. Be4 g6 16. h4 Nd4 17. Bxd4 Rxd4 18. Bxa8 Bxc5 19. Be4 b4 20. h5 Qd8 21.
Kg2 Qf6 22. Rh1 a5 23. hxg6 hxg6 24. Rh2 Kf8 25. Rh7 Ke7 26. Qf3 Rdd8 27. Rah1 Bd4 28. R1h4 Qxf3+ 29. Kxf3 g5 30. R4h5 Bf6 31. b3 Rh8 32.
Kg4 Rxh7 33. Rxh7 Rg8 34. f3 Be5 35. Kh3 Kf6 36. Kg2 Ke7 37. Kh3 Rh8 38. Rxh8 Bxh8 39.
Kg2 f5 40. Ba8 Bd4 41. Kf1 Kd6 42. Ke2 Kc5 43. Bb7 f4 44. gxf4 gxf4 45. Be4 Be3 46. Kd1 Kd4 47. Bc6 Kc3 48. Bd7 e5 49. Ba4 Kb2 50.
Bc6 Kxa2 51. Ba4 Kb2 52. Bc6 Kc3 53. Ba4 Bc5 54. Bc6 Kd4 55. Ke2 Be7 56. Ba4 Bh4 57.
Be8 Kc3 58. Kd1 Bf2 59. Ba4 Bb6 60. Be8 Kd4 61. Ke2 Ba7 62. Ba4 Kc3 63. Kd1 Be3 64. Be8 c5 65. Bb5 Kb2 66. Ba4 Kc3 67. Bb5 Bd4 68. Ba4 Bg1 69. Bb5 Bh2 70. Ba4 Kd4 71. Ke2 Bg3 72. Bb5 1/2-1/2

[Event "*** Titled Tuesday Blitz"]
[Site "Chess.com"]
[Date "2021.02.09"]
[Round "7"]
[White "Alexander_Zubov"]
[Black "Alexander_Moskalenko"]
[Result "1/2-1/2"]
[WhiteElo "2975"]
[BlackElo "2794"]
[TimeControl "180+1"]
[EndTime "11:19:33 PST"]
[Termination "Game drawn - insufficient material"]

1. d4 d5 2. c4 c6 3. Nf3 Nf6 4. Qb3 dxc4 5. Qxc4 Bg4 6. Nbd2 e6 7. g3 Be7 8. Bg2 Nbd7 9. O-O O-O 10. Qb3 Qb6 11.
Nc4 Qa6 12. Re1 Rfd8 13. e3 Nb6 14. Nce5 Bf5 15. Ng5 Bg6 16. a4 c5 17. Qb5 Qxb5 18. axb5 Nbd5 19. dxc5 Bxc5 20. Bd2 Nd7 21. Nxg6 hxg6 22.
Rec1 Bb6 23. Ne4 Ne5 24. Nc5 Bxc5 25. Rxc5 Nd3 26. Rc2 a6 27. bxa6 Rxa6 28. Rxa6 bxa6 29. Bf1 N5b4 30. Rc7 a5 31. Ra7 Nxb2 32. Bc3 Nd1 33. Ba1 Nc2 34. Be5 f6 35. Bc7 Rd2 36. Bxa5 Rxf2 37. Bc4 Ncxe3 38. Bxe6+ Kh7 39. Bh3 Ra2 40. Bb6 Rxa7 41. Bxa7 Nc4 42. Bf1 Ne5 43. Kg2 Nc3 44.
Bd4 Nd5 45. Be2 Ne7 46. h4 N7c6 47. Bf2 Kg8 48. g4 Kf7 49. Kg3 Ke6 50. Kf4 Kf7 51.
Ke4 Ne7 52. Bg3 Nxg4 53. Bxg4 f5+ 54. Kf3 fxg4+ 55. Kxg4 Nf5 56. Bf4 Nd4 57. h5 gxh5+ 58. Kxh5 Ne6 59. Be3 g6+ 60. Kg4 Kf6 61. Bd2 g5 62.
Bxg5+ 1/2-1/2

[Event "*** Titled Tuesday Blitz"]
[Site "Chess.com"]
[Date "2021.02.09"]
[Round "7"]
[White "banane_verte"]
[Black "Chessmasterzt"]
[Result "0-1"]
[WhiteElo "2436"]
[BlackElo "2608"]
[TimeControl "180+1"]
[EndTime "11:19:34 PST"]
[Termination "Chessmasterzt won on time"]

1. e4 d6 2. d4 Nf6 3. Nc3 e5 4. dxe5 dxe5 5. Qxd8+ Kxd8 6. Bc4 Ke8 7. f3 a6 8. a4 Nbd7 9. Be3 Bc5 10. Kf2 Bxe3+ 11. Kxe3 Nb6 12. Bb3 Be6 13. Bxe6 fxe6 14. b3 Ke7 15.
Nh3 Rad8 16. Nf2 Rd6 17. Nd3 Nfd7 18. a5 Nc8 19. b4 Na7 20. Rhb1 c6 21. Na4 Nb5 22. Nac5 Nxc5 23. bxc5 Rxd3+ 24. Kxd3 Rd8+ 25. Ke3 Rd4 26. f4 Rc4 27. fxe5 Rxc5 28. Kd2 Rxe5 29.
c4 Nd6 30. Kd3 c5 31. Re1 Rh5 32. h3 e5 33. Rab1 Rg5 34. g4 h5 35. Rg1 h4 36.
Rgf1 Rg6 37. Rf2 Rh6 38. Rfb2 Rf6 39. Rxb7+ Nxb7 40. Rxb7+ Kf8 41. Rb8+ Kf7 42. Rb7+ Kf8 43. Ke3 Rf1 44. Rb6 Rh1 45. Rxa6 Rxh3+ 46. Kf2 Rc3 47. Re6 Rxc4 48. Rxe5 Rc3 49. a6 h3 50. a7 Ra3 51. a8=Q+ Rxa8 52. Rxc5 Ra2+ 53. Kg3 h2 54. Rh5 Re2 55. Kf3 g6 56. Rh3 Rb2 57. Kg3 Re2 58. Kf3 Ra2 59. Kg3 Ra4 60. Rxh2 Rxe4 61. Kh4 Kg7 62. Ra2 Kh6 63. Ra4 Rxa4 0-1

[Event "*** Titled Tuesday Blitz"]
[Site "Chess.com"]
[Date "2021.02.09"]
[Round "7"]
[White "Nachsueb"]
[Black "sbouchet"]
[Result "1-0"]
[WhiteElo "2194"]
[BlackElo "2327"]
[TimeControl "180+1"]
[EndTime "11:19:35 PST"]
[Termination "Nachsueb won on time"]

1. d4 Nf6 2. c4 g6 3. Nc3 Bg7 4. e4 O-O 5. f4 d6 6. Nf3 c6 7. Be2 Bg4 8. O-O Nbd7 9. h3 Bxf3 10. Bxf3 e5 11. fxe5 dxe5 12. d5 h6 13. Be3 Qe7 14. Qd2 Kh7 15. Rab1 a5 16. b3 Rfd8 17. Na4 Bf8 18.
Rfc1 Qb4 19. Qe2 Nc5 20. Bd2 Qa3 21. Nb6 Ra6 22. Na4 Nxa4 23. bxa4 Ra7 24. Bc3 Bd6 25. Kh1 Qxa4 26. Qd3 Nd7 27. Bd1 Qa3 28. Rb3 Nc5 29. Qf3 Nxb3 30. Qxf7+ Kh8 31. Qf6+ Kg8 32. Qxd8+ Kf7 33. Qd7+ Be7 34. Qe6+ Kg7 35. Bxe5+ Kf8 36. Qc8+ Kf7 37. Qe6+ Kf8 38. Qxg6 Bg5 39. Bg7+ Ke7 40. Qe6+ Kd8 41. Bf6+ Bxf6 42. Qxf6+ Kc7 43. Qf7+ Kb6 44. Rb1 a4 45. axb3 Qa2 46. Rc1 Qd2 47. Rb1 Qa2 48.
Rc1 Qd2 49. Ra1 Qb2 50. d6 Qxa1 51. Qf2+ Ka6 52. d7 1-0

[Event "*** Titled Tuesday Blitz"]
[Site "Chess.com"]
[Date "2021.02.09"]
[Round "7"]
[White "bsnsun"]
[Black "VFernandezB"]
[Result "0-1"]
[WhiteElo "2434"]
[BlackElo "2329"]
[TimeControl "180+1"]
[EndTime "11:19:36 PST"]
[Termination "VFernandezB won by resignation"]

1. Nf3 Nf6 2. c4 g6 3. d4 Bg7 4.
Nc3 d5 5. cxd5 Nxd5 6. g3 O-O 7. Bg2 Nxc3 8. bxc3 c5 9. O-O Nc6 10. e3 Bf5 11.
Nh4 Bd7 12. Rb1 Qc7 13. Qb3 b6 14. Rd1 Na5 15. Qb2 Rac8 16. Qe2 Rfd8 17. Bd2 Be6 18. Be1 Bc4 19. Qb2 e5 20. d5 Bf6 21. e4 Bxh4 22. gxh4 Nb7 23. Bh3 Nd6 24. f3 Rb8 25. Bg3 Qe7 26.
Qd2 Ba6 27. Qg5 f6 28. Qc1 Bc8 29. Bg2 Rf8 30. Kh1 Bd7 31. Rg1 Kh8 32. h5 g5 33. h4 h6 34. hxg5 hxg5 35. Re1 Kg7 36. Kg1 Rh8 37. Kf2 Rxh5 38. Rh1 Rbh8 39. Rxh5 Rxh5 40.
Qe3 Bh3 41. Bxh3 Rxh3 42. Kg2 Rh8 43. Qe2 Qd7 44. Rh1 Rxh1 45. Kxh1 Qh3+ 46. Bh2 c4 47. Kg1 Kf7 48. Qf2 g4 49. fxg4 Qxg4+ 50. Kf1 Nxe4 51.
Qc2 Qf3+ 52. Kg1 Qe3+ 53. Kg2 Qd2+ 54. Qxd2 Nxd2 55. Kf2 Ne4+ 56. Ke3 Nxc3 57. d6 Ke6 58. Bg1 Kxd6 59. Kd2 Nd5 60. Kc2 f5 61. a4 a6 62.
a5 b5 63. Kd2 b4 64. Bh2 f4 65. Kc2 Kc6 66. Kd2 Kb5 67. Kc2 Kxa5 68. Bg1 Kb5 69. Ba7 a5 70. Bb8 f3 71. Bxe5 f2 0-1

[Event "*** Titled Tuesday Blitz"]
[Site "Chess.com"]
[Date "2021.02.09"]
[Round "7"]
[White "profofchess"]
[Black "rachidhuilda"]
[Result "0-1"]
[WhiteElo "2412"]
[BlackElo "2308"]
[TimeControl "180+1"]
[EndTime "11:19:36 PST"]
[Termination "rachidhuilda won on time"]

1. e4 c5 2. Nf3 e6 3. c3 d5 4. e5 d4 5. Bd3 Nc6 6. O-O g6 7. Na3 a6 8. Be4 Nge7 9. Nc4 Nd5 10. a4 Bd7 11. Re1 Be7 12. Nd6+ Bxd6 13. exd6 O-O 14. d3 dxc3 15. Bxd5 exd5 16. bxc3 Bg4 17. Bf4 Qf6 18. Bg3 Bxf3 19. Qxf3 Qxf3 20. gxf3 f5 21. Bf4 Rfe8 22. Reb1 Ne5 23. Bxe5 Rxe5 24. Rxb7 Rd8 25. Rb6 Re6 26. Rxa6 Rdxd6 27. Rxd6 Rxd6 28. a5 Ra6 29. Kg2 Kf7 30. Kg3 Kf6 31. d4 c4 32. h4 h6 33. Ra2 g5 34.
hxg5+ Kxg5 35. f4+ Kg6 36. Kh4 h5 37. Ra1 Kh6 38.
f3 Kg6 39. Rg1+ Kh6 40. Rg5 Rxa5 41. Rxf5 Ra3 42. Rxh5+ Kg6 43. Rxd5 Rxc3 44. Kg4 Rc1 45.
Rd6+ Kf7 46. Rc6 c3 47. Kf5 c2 48. Rc7+ Ke8 49. Kf6 Kd8 50. Rc5 Ke8 51. f5 Kd7 52. d5 Kd6 53. Rc3 Kxd5 54. Kf7 Ke5 55. f6 Kf4 56. Rc4+ Ke5 57. Kf8 Kd5 58. Rc3 Ke6 59. Rc6+ Kd5 60. Rc8 Ke6 61. Rc6+ Kd5 0-1

[Event "*** Titled Tuesday Blitz"]
[Site "Chess.com"]
[Date "2021.02.09"]
[Round "7"]
[White "MillyNeuf"]
[Black "VALPARAISO37"]
[Result "1/2-1/2"]
[WhiteElo "2323"]
[BlackElo "2464"]
[TimeControl "180+1"]
[EndTime "11:19:38 PST"]
[Termination "Game drawn by repetition"]

1. e4 e5 2. Nc3 Nf6 3. f4 d5 4. fxe5 Nxe4 5. Nf3 Be7 6. Qe2 Nxc3 7. dxc3 c5 8. Bf4 O-O 9. Qd2 Be6 10. Bd3 c4 11.
Be2 Nc6 12. Nd4 Nxd4 13. cxd4 Qb6 14. c3 Bf5 15. O-O Be4 16. Bf3 f5 17. exf6 Qxf6 18. Be5 Qg6 19. Bxe4 Qxe4 20. Rae1 Rxf1+ 21. Rxf1 Rf8 22. Rxf8+ Kxf8 23. Qf4+ Qxf4 24. Bxf4 b5 25. a3 Kf7 26. Kf2 Kg6 27. g4 Kf7 28. Kf3 Ke6 29. Be3 a5 30. h3 b4 31. axb4 axb4 32. Bc1 b3 33. Be3 Bh4 34. Bf2 Bg5 35. Be3 Bf6 36. Bd2 Be7 37.
Be3 Ba3 38. Bc1 Bd6 39. Bf4 Be7 40. Bd2 g6 41. Be3 h5 42. Bd2 Bh4 43. Be3 Kf6 44.
Bd2 Kg7 45. gxh5 gxh5 46. Bf4 Kf6 47. Bd2 Kf5 48. Bc1 Bg5 49. Be3 Bf6 50. Bd2 Be7 51.
Be3 Ba3 52. Bc1 Be7 53. Bd2 Bh4 54. Be3 Be1 55. Bc1 Bh4 56. Bd2 Bf6 57. Bc1 Be7 58. Bd2 Bf8 59. Bc1 Bg7 60. Bd2 Bf6 61. Bc1 Bg5 62.
Bxg5 Kxg5 63. Kg3 Kf5 64. Kf3 Kg5 65. Kg3 Kg6 66. Kf3 Kg5 1/2-1/2

[Event "*** Titled Tuesday Blitz"]
[Site "Chess.com"]
[Date "2021.02.09"]
[Round "7"]
[White "Akhayan"]
[Black "KruHor"]
[Result "1-0"]
[WhiteElo "2300"]
[BlackElo "2541"]
[TimeControl "180+1"]
[EndTime "11:19:38 PST"]
[Termination "Akhayan won on time"]

1. d4 Nf6 2. Nf3 e6 3. Bg5 h6 4. Bh4 d5 5. e3 c5 6. c3 Nc6 7.
Bd3 Bd7 8. Nbd2 Rc8 9. Ne5 cxd4 10. exd4 Be7 11. O-O O-O 12. Ndf3 Ne4 13. Bxe7 Qxe7 14. Nxc6 Bxc6 15. Bxe4 dxe4 16. Ne5 Be8 17. Qg4 f5 18. Qg3 Qf6 19. f4 Rc7 20. Qe3 g5 21. Kh1 Rg7 22.
g3 Kh8 23. Rf2 Rfg8 24. Raf1 h5 25. a3 h4 26. fxg5 Rxg5 27. gxh4 R5g7 28. Qxe4 Kh7 29. Qf4 Qd8 30. Rf3 Qd5 31. c4 Qd8 32. b3 Qf6 33. Rg3 Qh6 34. Qxh6+ Kxh6 35. Rfg1 Rxg3 36. Rxg3 Rf8 37.
Rg5 f4 38. Kg1 Bh5 39. Kf2 f3 40. h3 Rf4 41. Rxh5+ Kxh5 42. Nxf3 Re4 43. b4 a6 44. d5 exd5 45. cxd5 Kg6 46. d6 Kf6 47. d7 Ke7 48.
h5 Kxd7 49. Kg3 Ke7 50. h6 Kf6 51. h4 Kg6 52. Kf2 Kxh6 53. Kg3 Kg6 54. Kf2 Kf5 55. Nd2 Rf4+ 56. Ke2 Rxh4 57. Kd1 1-0

[Event "*** Titled Tuesday Blitz"]
[Site "Chess.com"]
[Date "2021.02.09"]
[Round "7"]
[White "Angry_Twin"]
[Black "Alexchess1984"]
[Result "0-1"]
[WhiteElo "2835"]
[BlackElo "2730"]
[TimeControl "180+1"]
[EndTime "11:19:39 PST"]
[Termination "Alexchess1984 won by checkmate"]

1. e4 c5 2. Nf3 Nc6 3. Bb5 g6 4. Bxc6 dxc6 5. d3 Bg7 6. h3 b6 7.
Nc3 Nh6 8. O-O f6 9. e5 O-O 10.
exf6 exf6 11. a4 a5 12. Bxh6 Bxh6 13. Nd2 Be6 14. Re1 Bd5 15. Nxd5 cxd5 16. Nf1 Qd6 17. Qf3 Rfe8 18. c4 d4 19. Re2 Rxe2 20. Qxe2 Qe5 21.
Qf3 Re8 22. Ng3 f5 23. Qb7 Re6 24. Qc8+ Kg7 25. Qd7+ Re7 26. Qc6 Re6 27. Qd7+ Re7 28. Qd8 Bf4 29. Nf1 Re6 30. g3 Bh6 31. Ra3 Qd6 32.
Qc8 Bg5 33. Nh2 Re1+ 34. Kg2 Bd8 35. Nf3 Re2 36. Ra1 Bc7 37. Kf1 Rxf2+ 38. Kxf2 Qxg3+ 39. Ke2 Qg2+ 40. Kd1 Qxf3+ 41. Kc2 Qe2+ 42. Kb3 Qxd3+ 43.
Ka2 Qxc4+ 44. b3 Qe2+ 45. Ka3 Qe7 46. Re1 Qxe1 47. Qxc7+ Kh6 48. Qf4+ Kh5 49. Qf3+ Kh4 50. Qf4+ Kxh3 51. Qf3+ Kh4 52. Qf4+ Kh5 53. Ka2 Qe2+ 54. Ka3 d3 55. Qc7 h6 56. Qg3 g5 57. Qh3+ Kg6 58.
Qg3 d2 59. Qd6+ Kh5 60. b4 d1=Q 61. Qh2+ Qxh2 62. bxc5 Qd3# 0-1

[Event "*** Titled Tuesday Blitz"]
[Site "Chess.com"]
[Date "2021.02.09"]
[Round "7"]
[White "Vasily85"]
[Black "PavelShkapenko"]
[Result "0-1"]
[WhiteElo "2443"]
[BlackElo "2686"]
[TimeControl "180+1"]
[EndTime "11:19:39 PST"]
[Termination "PavelShkapenko won by resignation"]

1. d4 Nf6 2. Bg5 Ne4 3. Bf4 d5 4. e3 c5 5. Bd3 Nf6 6. c3 Nc6 7. Nd2 Bg4 8. f3 Bh5 9. Ne2 Bg6 10. Qb1 e6 11. O-O Qb6 12. a3 Rc8 13. b4 cxd4 14.
cxd4 Be7 15. Nb3 O-O 16. Nc5 a5 17. Bxg6 hxg6 18. bxa5 Qa7 19. Qb6 Qxb6 20. axb6 Bxc5 21. dxc5 Na5 22. Bd6 Rfe8 23. Nd4 Nd7 24. Rac1 Nc4 25. Rxc4 dxc4 26. c6 Nxb6 27. cxb7 Rb8 28. Bxb8 Rxb8 29.
Rb1 Rxb7 30. a4 e5 31. Nc6 c3 32. a5 c2 33. Rc1 Nd5 34. Rxc2 Nxe3 35. Re2 Rb1+ 36.
Kf2 Nd1+ 37. Kg3 Ra1 38. Rxe5 f6 39. Re1 Kf7 40. Nb4 Ra4 41. Rxd1 Rxb4 42. Ra1 Rb7 43. a6 Ra7 44. Kf4 Ke6 45. Ke4 Kd6 46. f4 Kc6 47. g4 Kb6 48. f5 Re7+ 49. Kd4 gxf5 50. gxf5 Ka7 51. Kd5 Re5+ 52. Kd6 Rxf5 53. Rg1 g5 54. Ke6 Rf2 55. h4 gxh4 56. Rg4 h3 57.
Rh4 h2 58. Kd5 Kxa6 59. Ke4 Kb5 60. Ke3 Rb2 61. Kf3 Kc5 62. Kg3 Kd5 63. Rxh2 Rxh2 64. Kxh2 Ke4 65. Kg3 f5 66. Kg2 Ke3 0-1

[Event "*** Titled Tuesday Blitz"]
[Site "Chess.com"]
[Date "2021.02.09"]
[Round "7"]
[White "Balla_Tamas"]
[Black "lucachess49"]
[Result "0-1"]
[WhiteElo "2474"]
[BlackElo "2354"]
[TimeControl "180+1"]
[EndTime "11:19:39 PST"]
[Termination "lucachess49 won by resignation"]

1. e4 e5 2. Nf3 Nc6 3. Bc4 Nf6 4. Ng5 d5 5. exd5 Na5 6. Bb5+ c6 7. dxc6 bxc6 8. Be2 h6 9. Nf3 e4 10. Ng1 Bd6 11.
d3 O-O 12. Nc3 Qb6 13. dxe4 Bc5 14. Na4 Bxf2+ 15. Kf1 Qd4 16. Qxd4 Bxd4 17. Bd3 Bxg1 18. Rxg1 Re8 19. Bd2 Nb7 20. Re1 Be6 21. b3 Rad8 22. h3 c5 23. Kf2 c4 24. bxc4 Bxc4 25. Nb2 Nxe4+ 26. Rxe4 Rxe4 27. Nxc4 Rxc4 28. Bxc4 Rxd2+ 29. Ke3 Rxc2 30. Bb3 Rc7 31. Rd1 Na5 32. Bd5 Nc4+ 33. Kd4 Nb6 34. Bb3 Rd7+ 35. Kc5 Rc7+ 36. Kb5 g5 37. a4 Kg7 38. a5 Nd7 39. Rd6 Rb7+ 40. Kc4 Ne5+ 41. Kc3 Rc7+ 42. Kd4 Nc6+ 43. Kd3 Nxa5 44.
Bd5 Rc5 45. Kd4 Rb5 46. Ra6 Nb3+ 47. Kc4 Rc5+ 48. Kxb3 Rxd5 49. Rxa7 Rd2 50. g4 Rh2 51. Kc4 Rxh3 52. Kd5 Rg3 53. Ra4 Rf3 54. Ke5 Kg6 55. Ra6+ f6+ 56. Ke6 Re3+ 57. Kd5 Rf3 58. Ra4 Rf4 59.
Rxf4 gxf4 60. Ke4 Kg5 61. Kf3 f5 62. gxf5 Kxf5 63. Kg2 Kg4 64. Kf2 h5 65. Kg2 h4 66.
Kg1 h3 67. Kh2 Kh4 68. Kg1 Kg3 69. Kh1 f3 70. Kg1 f2+ 71. Kf1 h2 72. Ke2 h1=Q 0-1

[Event "*** Titled Tuesday Blitz"]
[Site "Chess.com"]
[Date "2021.02.09"]
[Round "7"]
[White "bangchess21"]
[Black "Yaacovn"]
[Result "1-0"]
[WhiteElo "2742"]
[BlackElo "2840"]
[TimeControl "180+1"]
[EndTime "11:19:40 PST"]
[Termination "bangchess21 won by resignation"]

1. d4 Nf6 2. Nf3 e6 3. Bf4 Bd6 4. Bg3 b6 5. Nbd2 Bb7 6. e3 Be7 7. Bd3 d6 8. h3 O-O 9. Qe2 c5 10. c3 cxd4 11. exd4 Nbd7 12. O-O Re8 13. a4 a6 14. Nc4 Nf8 15. Rfe1 Ng6 16. Nfd2 Qc7 17. Ne3 Qc6 18. c4 a5 19. c5 Red8 20. Bb5 Qc7 21. Rac1 bxc5 22. dxc5 Ne5 23. cxd6 Qxd6 24. Ndc4 Nxc4 25.
Bxd6 Nxd6 26. Rc7 Bf8 27. Bd3 Rab8 28. Nc4 Nxc4 29. Rxc4 Bd5 30. Rcc1 Rb4 31. Bb5 g6 32. Qe5 Bg7 33. Qc7 Ra8 34. Bc6 Bxc6 35. Qxc6 Rf8 36.
Rc2 Nd5 37. Rc4 Rxb2 38. Qc5 Ra8 39. Qc6 Rab8 40. Qa6 Bc3 41. Rxc3 Nxc3 42. Qxa5 Rc2 43. Qa7 Rbb2 44. a5 Ra2 45. a6 Nd5 46. Qb8+ Kg7 47. a7 Nc7 48. h4 h5 49. Qb7 Rxf2 50. Qxc7 Rxg2+ 51. Kh1 Rgb2 52. Qe5+ Kh7 53. Qxb2 Rxb2 54. a8=Q Rb4 55. Qf3 Rxh4+ 56. Kg2 Rg4+ 57. Kh3 Kg7 58. Qc3+ Kg8 59. Qf6 Rc4 60. Rd1 Rc8 61. Rd8+ Rxd8 62. Qxd8+ Kg7 63. Kh4 f6 64. Qe7+ Kh6 65. Qxf6 1-0

[Event "*** Titled Tuesday Blitz"]
[Site "Chess.com"]
[Date "2021.02.09"]
[Round "7"]
[White "Fusikk"]
[Black "ErikRonka"]
[Result "1-0"]
[WhiteElo "2635"]
[BlackElo "2455"]
[TimeControl "180+1"]
[EndTime "11:19:43 PST"]
[Termination "Fusikk won by resignation"]

1. d4 d5 2. c4 c6 3. Nf3 Nf6 4.
Nc3 e6 5. Bg5 dxc4 6. e4 b5 7.
e5 h6 8. Bh4 g5 9. Nxg5 hxg5 10. Bxg5 Nbd7 11. exf6 Bb7 12. g3 c5 13. d5 Nb6 14.
Bg2 b4 15. O-O bxc3 16. dxe6 Bxg2 17. Kxg2 Qxd1 18. Raxd1 cxb2 19. Rfe1 fxe6 20. Bd2 Kf7 21. Bc3 Na4 22. Rd7+ Ke8 23. Rb7 Nxc3 24. Rxe6+ Kd8 25. f7 Bg7 26. Rxb2 Kd7 27. Rg6 Bd4 28. Rb7+ Kc8 29.
Re7 Rf8 30. Rg8 Kd8 31. Rb7 Bg7 32. Rxg7 Kc8 33. Re7 Kd8 34. Rb7 Kc8 35. Re7 Kd8 36. Re8+ Rxe8 37. fxe8=Q+ Kxe8 38. Rg8+ Kd7 39. Rxa8 Nd5 40.
Rxa7+ Kc6 41. Kf1 Nb4 42. Ke2 c3 43. Kd1 Nd3 44. Kc2 Nxf2 45. Kxc3 Ng4 46. Ra6+ Kb5 47.
Rg6 Nxh2 48. g4 Nf1 49. Rf6 Ne3 50. Rf3 Nd5+ 51. Kc2 c4 52. g5 Nb4+ 53. Kb1 Nd5 54. g6 Ne7 55. g7 Kb4 56. Rf8 c3 57. g8=Q c2+ 58. Kc1 Nc6 59. Rb8+ Kc3 60. Qb3+ Kd4 61. Rb4+ Kc5 62. Rc4+ Kd5 63. Qd3+ 1-0

[Event "*** Titled Tuesday Blitz"]
[Site "Chess.com"]
[Date "2021.02.09"]
[Round "7"]
[White "GoltsevDmitry2000"]
[Black "AlexTriapishko"]
[Result "0-1"]
[WhiteElo "2727"]
[BlackElo "2861"]
[TimeControl "180+1"]
[EndTime "11:19:44 PST"]
[Termination "AlexTriapishko won by checkmate"]

1. c4 c5 2. g3 Nc6 3. Bg2 g6 4.
Nc3 Bg7 5. Nf3 e6 6. O-O Nge7 7. e3 O-O 8. d4 cxd4 9. Nxd4 d5 10.
cxd5 exd5 11. Nce2 h5 12. Bd2 h4 13. Bc3 h3 14. Bf3 Ne5 15. Nf4 Nxf3+ 16. Qxf3 Nc6 17. Qxd5 Nxd4 18. Bxd4 Qxd5 19. Nxd5 Bxd4 20. exd4 Rd8 21.
Nc7 Rb8 22. d5 Bf5 23. Rac1 Rd7 24. Rc3 Be4 25. Rd1 Rbd8 26. f3 Bxd5 27. Nxd5 Rxd5 28. Rxd5 Rxd5 29. Rc2 Rd1+ 30. Kf2 Rh1 31. Ke3 Rg1 32. Rc7 Rg2 33. Rxb7 Rxh2 34. Rb4 Rg2 35. Rh4 h2 36. b3 Rxa2 37. Kf4 Kg7 38. g4 Rg2 39. g5 a5 40. Rh3 Kf8 41. Ke4 Ke7 42. Kf4 Kd6 43. Rh7 Kc5 44. Ke3 Kb4 45. f4 Kxb3 46.
Kf3 Rc2 47. Kg3 a4 48. f5 gxf5 49. Rh8 a3 50. Rb8+ Ka2 51. Rh8 Kb1 52. Kf4 a2 53. Rb8+ Rb2 54. Rh8 a1=Q 55. Rh7 Qa4+ 56. Kxf5 Rb5+ 57.
Kf6 Qd4+ 58. Ke7 Qe4+ 59. Kf8 Qxh7 60. g6 fxg6 61. Ke8 Rb8# 0-1

[Event "*** Titled Tuesday Blitz"]
[Site "Chess.com"]
[Date "2021.02.09"]
[Round "7"]
[White "Misi_95"]
[Black "TigrVShlyape"]
[Result "1-0"]
[WhiteElo "2685"]
[BlackElo "2832"]
[TimeControl "180+1"]
[EndTime "11:19:44 PST"]
[Termination "Misi_95 won by resignation"]

1. e4 e5 2. Nf3 Nc6 3. Bb5 a6 4. Ba4 Nf6 5. d3 d6 6. c3 Bd7 7. O-O g6 8. c4 Bg7 9. Nc3 O-O 10. Bg5 h6 11. Bxf6 Bxf6 12. h3 Bg7 13.
Nd5 Be6 14. Rc1 Nb8 15. d4 c6 16. Ne3 Bc8 17. Qd2 Nd7 18. Rfd1 Qe7 19. c5 exd4 20.
cxd6 Qxd6 21. Nxd4 Qe7 22. Bb3 Nc5 23. Qb4 Rd8 24.
Rxc5 Bf8 25. Qc4 b5 26. Qxf7+ Qxf7 27. Rxc6 Qxb3 28. axb3 Kf7 29. Nd5 Ra7 30. Rdc1 Bd7 31. Rc7 Rxc7 32. Rxc7 Bd6 33. Rb7 Kf8 34. Kf1 Be5 35. Ne2 Bxb2 36. Rb6 Kf7 37. Rxa6 Be6 38. Ra7+ Kf8 39. Nef4 Bf7 40. Ke2 Rc8 41. Nd3 Bd4 42. Rd7 Rc2+ 43. Kd1 Ra2 44. N5b4 Bxb3+ 45. Ke1 Bc3+ 46. Kf1 Ra1+ 47. Ke2 Bc4 48. Ke3 Rd1 49. Nc6 Ke8 50. Rd8+ Kf7 51. Nde5+ Bxe5 52. Nxe5+ Ke6 53.
Rxd1 Kxe5 54. f4+ Ke6 55. e5 b4 56. Rd6+ Kf7 57. Rb6 b3 58. Kd4 Bf1 59. g3 Bxh3 60. Rxb3 h5 61. Rb6 Bg4 62. Kd5 Bf5 63. Rb7+ Ke8 64. e6 1-0

[Event "*** Titled Tuesday Blitz"]
[Site "Chess.com"]
[Date "2021.02.09"]
[Round "7"]
[White "Sergienko_Sergey"]
[Black "Srisshhhtea"]
[Result "1-0"]
[WhiteElo "2397"]
[BlackElo "2496"]
[TimeControl "180+1"]
[EndTime "11:19:44 PST"]
[Termination "Sergienko_Sergey won on time"]

1. e4 e6 2. d4 d5 3. Nc3 Bb4 4. e5 c5 5. a3 Bxc3+ 6. bxc3 Ne7 7.
a4 b6 8. Nf3 Ba6 9. Bb5+ Bxb5 10. axb5 Qd7 11. Rb1 O-O 12. O-O Rc8 13. Ng5 h6 14.
Nh3 a6 15. bxa6 Rxa6 16. Nf4 Nbc6 17. Nh5 Qc7 18. Qg4 Ng6 19. h4 cxd4 20. cxd4 Ra4 21. Nxg7 Rxd4 22. f4 Ncxe5 23. Qg3 Kxg7 24. h5 Qxc2 25. Bb2 Rd3 26. Bxe5+ Kf8 27. Bd6+ Ke8 28. Qg4 Ne7 29. f5 Nxf5 30. Qg8+ Kd7 31. Qxf7+ Kxd6 32. Rxb6+ Rc6 33. Qf8+ Ke5 34. Rxf5+ exf5 35. Qe7+ Kd4 36. Rb4+ Rc4 37. Qf6+ Ke3 38. Qe5+ Kd2 39. Rb2 Re3 40.
Rxc2+ Rxc2 41. Qxd5+ Rd3 42. Qxf5 Kc3 43. Qf6+ Kb3 44.
Qxh6 Rdd2 45. Qg6 Rd1+ 46. Kh2 Rcc1 47. Qg3+ Kc4 48. Kh3 Rd3 49. Qxd3+ Kxd3 50. Kg4 Rh1 51. Kg5 Ke4 52. g4 Ke5 53. Kg6 Ke6 54. g5 Ke7 55.
h6 Kf8 56. Kh7 Rg1 57. g6 Rg2 58. g7+ Kf7 59. g8=Q+ 1-0

[Event "*** Titled Tuesday Blitz"]
[Site "Chess.com"]
[Date "2021.02.09"]
[Round "7"]
[White "BabyBoss31"]
[Black "PawnEatingZombie"]
[Result "1/2-1/2"]
[WhiteElo "2332"]
[BlackElo "2120"]
[TimeControl "180+1"]
[EndTime "11:19:44 PST"]
[Termination "Game drawn by repetition"]

1. d4 d5 2. Bf4 e6 3. e3 Nf6 4.
Nd2 Bd6 5. Bg3 c5 6. c3 Qc7 7. Ngf3 Nbd7 8. Bd3 b6 9. e4 Bxg3 10. hxg3 dxe4 11. Nxe4 Bb7 12. Qe2 h6 13. O-O O-O 14.
Rfe1 Nxe4 15. Bxe4 Bxe4 16. Qxe4 Nf6 17. Qe5 Rac8 18.
Rad1 cxd4 19. Rxd4 Qe7 20. Red1 Rfd8 21. Nh4 Rxd4 22.
Rxd4 Qc5 23. Qxc5 Rxc5 24. Rd8+ Kh7 25. Ra8 Rc7 26. Nf3 Nd5 27. Kf1 f6 28. Ke2 e5 29.
Rd8 Ne7 30. Nd2 h5 31. Ne4 Nf5 32. Ra8 Kg6 33. Rh8 Rd7 34. f3 Nd6 35. Nxd6 Rxd6 36. Rc8 Rd7 37. Rc6 Kf5 38. Rc4 g5 39. g4+ hxg4 40.
fxg4+ Ke6 41. Ra4 a5 42. Rc4 Rd6 43. Rc8 Kd5 44. Ke3 Ke6 45. Rb8 Kd5 46. b3 Kc5 47. a3 Kd5 48. c4+ Kc5 49. Rc8+ Rc6 50. Rxc6+ Kxc6 51. Ke4 Kc5 52. Kd3 Kd6 53. g3 Kc6 54. Ke4 Kc5 55. Kd3 Kd6 56. Ke4 Kc5 57. Kd3 b5 58. cxb5 Kxb5 59. Kc3 Kc5 60. b4+ axb4+ 61.
axb4+ Kb5 62. Kb3 Kb6 63. Kc4 Kc6 64. b5+ Kb6 65. Kb4 Kb7 66. Kc4 Kc7 67. Kc5 Kb7 68.
Kd5 Kb6 69. Kc4 Kc7 70. Kc5 Kb7 71. Kd5 Kb6 72. Kc4 Kc7 1/2-1/2